 Dungeon Crawl Stone Soup version 0.31.0-2-g5a2aebc5c2 (webtiles) character file.

Game seed: 2466757488847462259

137 Aviak the Gusty (level 5, -8/55 HPs)
             Began as a Gnoll Air Elementalist on Jan 20, 2024.
             Mangled by Crazy Yiuf
             ... wielding a +4 quarterstaff of chaos
              (19 damage)
             ... on level 3 of the Dungeon.
             The game lasted 00:03:22 (2676 turns).

Aviak the Gusty (Gnoll Air Elementalist)            Turns: 2676, Time: 00:03:23

Health: -8/55      AC:  3    Str:  8    XL:     5   Next: 20%
Magic:  5/12       EV: 13    Int: 16    God:
Gold:   181        SH:  0    Dex: 12    Spells: 11/14 levels left

rFire   . . .        o - +4 falchion "Beetleslayer" {pain, rElec Stlth+}
rCold   . . .        (no shield)
rNeg    . . .        a - +0 robe
rPois   .            m - +0 helmet
rElec   +            (no cloak)
rCorr   .            (no gloves)
SInv    +            (no boots)
Will    .....        (no amulet) Stlth
                     Z - ring of see invisible
HPRegen 0.29/turn    (no ring)
MPRegen 0.13/turn

%: no passive effects
@: mighty, berserking, attractive, hasted, very quick
A: fangs 1, strong nose, distributed training
a: no special abilities


You were on level 3 of the Dungeon.
You visited 1 branch of the dungeon, and saw 3 of its levels.

You collected 181 gold pieces.

Inventory:

Hand Weapons
 c - a +0 dagger
 g - a +2 short sword of venom
 o - the +4 falchion "Beetleslayer" (weapon) {pain, rElec Stlth+}
   (You found it on level 2 of the Dungeon)

   rElec:     It insulates you from electricity.
   Stlth+:    It makes you more stealthy.
Armour
 a - a +0 robe (worn)
 m - a +0 helmet (worn)
Jewellery
 Z - a ring of see invisible (left hand)
Wands
 p - a wand of paralysis (11)
Scrolls
 d - a scroll of immolation {unknown}
 e - a scroll of blinking {unknown}
 f - 3 scrolls of identify {unknown}
 h - a scroll of teleportation {unknown}
 i - a scroll of enchant armour {unknown}
 n - a scroll of enchant weapon {unknown}
 q - a scroll of fear {unknown}
Potions
 b - a potion of magic
 j - 2 potions of attraction


   Skills:
 + Level 1.4 Fighting
 + Level 1.4 Short Blades
 + Level 1.4 Long Blades
 + Level 1.4 Axes
 + Level 1.4 Maces & Flails
 + Level 1.4 Polearms
 + Level 1.4 Staves
 + Level 1.4 Ranged Weapons
 + Level 1.4 Throwing
 + Level 1.4 Armour
 + Level 4.8 Dodging
 + Level 4.4 Stealth
 + Level 1.4 Shields
 + Level 1.4 Unarmed Combat
 + Level 5.2 Spellcasting
 + Level 2.4 Conjurations
 + Level 1.1 Hexes
 + Level 1.1 Summonings
 + Level 1.1 Necromancy
 + Level 1.1 Translocations
 + Level 1.1 Fire Magic
 + Level 1.1 Ice Magic
 + Level 5.5 Air Magic
 + Level 1.1 Earth Magic
 + Level 1.1 Alchemy
 + Level 1.6 Invocations
 + Level 1.4 Evocations
 + Level 1.3 Shapeshifting


You had 11 spell levels left.
You knew the following spells:

 Your Spells              Type           Power      Damage    Failure   Level
a - Shock                 Conj/Air       64%        1d7       3%          1
b - Static Discharge      Conj/Air       32%        3-5/arc   4%          2

Your spell library contained the following spells:

 Spells                   Type           Power      Damage    Failure   Level
 Swiftness                Air            21%        N/A       4%          3
 Sublimation of Blood     Necr           7%         N/A       14%         2
 Airstrike                Air            10%        2d(2-18)  16%         4
 Hailstorm                Conj/Ice       9%         3d6       22%         3
 Summon Ice Beast         Ice/Summ       7%         N/A       28%         3
 Petrify                  Alch/Erth      7%         N/A       67%         4
 Irradiate                Conj/Alch      4%         3d13      89%         5
 Sculpt Simulacrum        Ice/Alch       3%         N/A       100%        6


Dungeon Overview and Level Annotations

Branches:
Dungeon (3/15)

Altars:

Shops:
D:3 :

Annotations:
D:3 Crazy Yiuf


Innate Abilities, Weirdness & Mutations

You have very sharp teeth.
Your uncanny sense of smell can sniff out nearby items.
Your experience applies equally to all skills.


Message History

You open the door.
Casting: Shock (safe; 3% risk of failure)
Confirm with . or Enter, or press ? or * to list all spells.
Aiming: Shock (safe; 3% risk of failure)
Press: ? - help, Shift-Dir - straight line, f - Crazy Yiuf
Aim: Crazy Yiuf, wielding a +4 quarterstaff of chaos and wearing a +2 cloak (75% to hit)
The zap hits Crazy Yiuf.
Crazy Yiuf is lightly wounded.
Casting: Shock (safe; 3% risk of failure)
Confirm with . or Enter, or press ? or * to list all spells.
You miscast Static Discharge.
You are very lightly contaminated with residual magic.
Nothing appears to happen.
Crazy Yiuf hits you with a +4 quarterstaff of chaos.
You are confused.
You're too confused to cast spells.
You bump into the stone wall.
Crazy Yiuf barely misses you.
It was a potion of attraction.
You feel attractive to monsters.
Crazy Yiuf hits you with a +4 quarterstaff of chaos!
You feel your power leaking away.
You bump into the rock wall.
Crazy Yiuf closely misses you.
You bump into the rock wall.
Crazy Yiuf closely misses you.
It was a potion of haste.
You feel yourself speed up.
You feel less confused. Crazy Yiuf barely misses you.
It was a potion of might.
You feel very mighty all of a sudden.
Crazy Yiuf hits you with a +4 quarterstaff of chaos!
* * * LOW HITPOINT WARNING * * *
It was a potion of berserk rage.
A red film seems to cover your vision as you go berserk!
You feel yourself moving faster!
You feel mighty! Crazy Yiuf barely misses you.
You hit Crazy Yiuf.
Crazy Yiuf is moderately wounded.
Your magical contamination has completely faded away.
You hit Crazy Yiuf. You bite Crazy Yiuf.
Crazy Yiuf is severely wounded.
Crazy Yiuf hits you with a +4 quarterstaff of chaos!!
You die...

#......# #.
#......# #.
#......# #.
#####.## #. #..#
#. ######## ##.#
#. ##.)).#.###
### #.## #.
##).)...#..##...#
#..###.
#..))..####@g...#
##.##.. #..)..##
###..)# #....#
#..#### ###
###..# ##.#
#####... #.#
#......# #.#
######## #....###
#.########......#
#....##.
#...............#
#...†...
##########......#
#.....##


You could see Crazy Yiuf.

Vanquished Creatures
  A bombardier beetle (D:3)
  5 adders
  2 dart slugs
  3 endoplasms
  10 goblins
  3 hobgoblins (D:1)
  4 quokkas
  6 ball pythons
  3 bats
  4 frilled lizards
  5 kobolds
  10 rats
56 creatures vanquished.

Notes
Turn   | Place    | Note
-------+----------+-------------------------------------------
     0 | D:1      | Aviak the Gnoll Air Elementalist began the quest for the
                  | Orb.
     0 | D:1      | Reached XP level 1. HP: 13/13 MP: 6/6
   131 | D:1      | Found a faded altar of an unknown god.
   252 | D:1      | Reached XP level 2. HP: 19/19 MP: 5/7
   891 | D:1      | Reached skill level 5 in Spellcasting
   891 | D:1      | Reached XP level 3. HP: 25/25 MP: 7/9
  1345 | D:2      | Learned a level 2 spell: Static Discharge
  1456 | D:2      | Reached skill level 1 in Invocations
  1543 | D:2      | Reached skill level 1 in Fighting
  1543 | D:2      | Reached skill level 1 in Short Blades
  1543 | D:2      | Reached skill level 1 in Long Blades
  1543 | D:2      | Reached skill level 1 in Axes
  1543 | D:2      | Reached skill level 1 in Maces & Flails
  1543 | D:2      | Reached skill level 1 in Polearms
  1543 | D:2      | Reached skill level 1 in Staves
  1543 | D:2      | Reached skill level 1 in Ranged Weapons
  1543 | D:2      | Reached skill level 1 in Throwing
  1543 | D:2      | Reached skill level 1 in Armour
  1543 | D:2      | Reached skill level 1 in Shields
  1543 | D:2      | Reached skill level 1 in Unarmed Combat
  1543 | D:2      | Reached skill level 1 in Evocations
  1678 | D:2      | Identified the +4 falchion "Beetleslayer" {pain, rElec
                  | Stlth+}
  1739 | D:2      | Reached skill level 1 in Shapeshifting
  1739 | D:2      | Reached XP level 4. HP: 32/32 MP: 11/11
  1851 | D:3      | Reached skill level 1 in Hexes
  1851 | D:3      | Reached skill level 1 in Summonings
  1851 | D:3      | Reached skill level 1 in Necromancy
  1851 | D:3      | Reached skill level 1 in Translocations
  1851 | D:3      | Reached skill level 1 in Fire Magic
  1851 | D:3      | Reached skill level 1 in Ice Magic
  1851 | D:3      | Reached skill level 1 in Earth Magic
  1851 | D:3      | Reached skill level 1 in Alchemy
  2244 | D:3      | Reached XP level 5. HP: 37/37 MP: 8/12
  2307 | D:3      | Found Uqizal's Vocational Training.
  2490 | D:3      | Found a runed translucent door.
  2491 | D:3      | Noticed Crazy Yiuf
  2676 | D:3      | Mangled by Crazy Yiuf

Illustrated notes

Levels and vault maps discovered:
D:1:      co_arrival_random_square_maze, layout_basic,
          chequers_ecumenical_altar_simple_redux
D:2:      layout_basic
D:3:      layout_rooms, nicolae_shop_vocational, uniq_crazy_yiuf_cottage

Skill      XL: |  1  2  3  4 |
---------------+-------------+-----
Conjurations   | 2 |  2.4
Spellcasting   | 5 |  5.2
Invocations    | 1 |  1.6
Fighting       | 1 |  1.4
Short Blades   | 1 |  1.4
Long Blades    | 1 |  1.4
Axes           | 1 |  1.4
Maces & Flails | 1 |  1.4
Polearms       | 1 |  1.4
Staves         | 1 |  1.4
Ranged Weapons | 1 |  1.4
Throwing       | 1 |  1.4
Armour         | 1 |  1.4
Shields        | 1 |  1.4
Unarmed Combat | 1 |  1.4
Evocations     | 1 |  1.4
Shapeshifting  | 1 |  1.3
Hexes          | 1 |  1.1
Summonings     | 1 |  1.1
Necromancy     | 1 |  1.1
Translocations | 1 |  1.1
Fire Magic     | 1 |  1.1
Ice Magic      | 1 |  1.1
Earth Magic    | 1 |  1.1
Alchemy        | 1 |  1.1
Dodging        | |  4.8
Stealth        | |  4.4
Air Magic      | |  5.5

Action                     |  1- 3 |  4- 6 || total
---------------------------+-------+-------++-------
  Melee: Unarmed           |     2 |       ||     2
         Dagger            |    14 |       ||    14
         Falchion          |     1 |    10 ||    11
         Bite              |       |     1 ||     1
   Cast: Shock             |    59 |    28 ||    87
         Static Discharge  |     1 |     3 ||     4
    Use: Potion            |       |     4 ||     4
   Stab: Sleeping          |     1 |       ||     1
 Armour: Robe              |    21 |    12 ||    33
  Dodge: Dodged            |    25 |     9 ||    34
